 Dungeon Crawl Stone Soup version 0.30-a0-141-g30f27751c5 (webtiles) character file.

Game seed: 15106366568837469659

143 qw the Chopper (level 5, -4/32 HPs)
             Began as a Gargoyle Fighter on Sept 25, 2022.
             Slain by a gnoll bouda
             ... wielding a +0 club
              (6 damage)
             ... on level 4 of the Dungeon.
             The game lasted 00:01:20 (4030 turns).

qw the Chopper (Gargoyle Fighter)                   Turns: 4030, Time: 00:01:20

Health: -4/32      AC: 13    Str: 22    XL:     5   Next: 25%
Magic:  5/5        EV:  7    Int:  8    God:
Gold:   131        SH:  4    Dex:  9    Spells: 4/4 levels left

rFire   + . .      SeeInvis .    Y - +1 war axe
rCold   . . .      Faith    .    c - +0 buckler
rNeg    + . .      Spirit   .    o - +0 chain mail
rPois   inf        Reflect  .    (no helmet)
rElec   +          Harm     .    (no cloak)
rCorr   .          Rampage  .    (no gloves)
Will    .....                    (no boots)
Stlth   ..........               (no amulet)
HPRegen 0.10/turn                a - ring of protection from fire
MPRegen 0.09/turn                (no ring)

@: about to teleport
A: sickness immunity, AC +4, negative energy resistance 1, electricity
resistance, torment resistance 1, petrification resistance
a: no special abilities


You were on level 4 of the Dungeon.
You visited 1 branch of the dungeon, and saw 4 of its levels.

You collected 131 gold pieces.


Innate Abilities, Weirdness & Mutations

You are immune to sickness and miasma.
Your stone body is resilient. (AC +4)
You are immune to poison.
You resist negative energy. (rN+)
You are resistant to electric shocks. (rElec)
You are resistant to unholy torment.
You are immune to petrification.


   Skills:
 - Level 3.2 Fighting
 + Level 4.8 Axes
 - Level 3.2 Armour
 - Level 3.2 Shields


You had 4 spell levels left.
You didn't know any spells.
Your spell library was empty.

Inventory:

Hand Weapons
 b - a +0 flail
 Y - a +1 war axe (weapon)
Armour
 c - a +0 buckler (worn)
 o - a +0 chain mail (worn)
Jewellery
 a - a ring of protection from fire (left hand)
Scrolls
 g - a scroll of identify
Potions
 d - a potion of might
 e - 2 potions of curing
 h - a potion of resistance
 j - a potion of flight {unknown}
 m - a potion of brilliance {unknown}
 n - a potion of heal wounds

Dungeon Overview and Level Annotations

Branches:
Dungeon (4/15)
 Temple: D:4-7

Altars:

Shops:
D:1 [   D:3 (


Message History

You slash the gnoll!
The gnoll bouda mumbles some strange prayers to its god.
The gnoll bouda is healed somewhat.
The gnoll hits you but does no damage. x2
The gnoll bouda hits you with a +0 club.
The gnoll closely misses you. The gnoll hits you with a +0 whip.
You hit the gnoll bouda.
The gnoll bouda is severely wounded.
You hit the gnoll. You slash the gnoll! You block the gnoll's attack.
The gnoll hits you but does no damage. You block the gnoll bouda's attack.
The gnoll hits you but does no damage. The gnoll hits you with a +0 whip.
The gnoll hits you with a +0 flail.
You barely miss the gnoll bouda.
The gnoll bouda is severely wounded.
You barely miss the gnoll. You hit the gnoll.
You kill the gnoll!
You block the gnoll's attack. The gnoll bouda closely misses you.
The gnoll hits you from afar with a +0 spear.
The gnoll hits you with a +0 flail.
You hit the gnoll bouda.
The gnoll bouda is almost dead.
You hit the gnoll. You block the gnoll's attack.
The gnoll bouda barks out a call to the hunt!
The gnoll picks up the pace!
The gnoll hits you but does no damage.
A gnoll comes into view. It is wielding a +0 spear.
The gnoll hits you but does no damage. You block the gnoll's attack.
The gnoll bouda closely misses you. The gnoll hits you but does no damage.
You barely miss the gnoll bouda.
The gnoll bouda is almost dead.
You barely miss the gnoll. The gnoll hits you with a +0 flail!
The gnoll barely misses you.
The gnoll bouda hits you but does no damage.
The gnoll hits you but does no damage. The gnoll barely misses you.
4030 ||| READING scroll of teleportation.
As you read the scroll of teleportation, it crumbles to dust.
You feel strangely unstable. The gnoll hits you but does no damage.
You block the gnoll's attack.
The gnoll bouda hits you with a +0 club.
You die...

....# .....
..... ....
.....##...
......#..######.
......#.........
..........<.....
#.......<.......
##....g.......#
#.#g.@)g....##
##g###...... #g
....#. .g ...##
... .## .... .#
.#.## ..#.


You could see a gnoll bouda and 5 gnolls.

Vanquished Creatures
  3 gnolls
  4 adders
  A worm (D:2)
  4 dart slugs
  8 orcs (D:3)
  4 bats
  4 endoplasms
  A giant cockroach (D:3)
  6 goblins
  6 hobgoblins
  4 kobolds
  3 quokkas (D:2)
  4 ball pythons
  6 frilled lizards
  A rat (D:3)
59 creatures vanquished.

Notes
Turn   | Place    | Note
-------+----------+-------------------------------------------
     0 | D:1      | qw the Gargoyle Fighter began the quest for the Orb.
     0 | D:1      | Reached XP level 1. HP: 14/14 MP: 1/1
     0 | D:1      | 0 ||| qw: Version: 0.2-a-10-g399e6c4
     0 | D:1      | 0 ||| qw: Game counter: 386
     0 | D:1      | 0 ||| qw: Always use a shield: true
     0 | D:1      | 0 ||| qw: God list: Okawaru
     0 | D:1      | 0 ||| qw: Allow faded altars: false
     0 | D:1      | 0 ||| qw: Do Orc after D:15 true
     0 | D:1      | 0 ||| qw: Do second Lair branch before Depths: true
     0 | D:1      | 0 ||| qw: Lair rune preference: random
     0 | D:1      | 0 ||| qw: Plans: Normal, Zot:1-4, God:TSO, Crypt, Tomb,
                  | Pan, Slime:5, Hells, Abyss, Orb
     0 | D:1      | 0 ||| PLANNING D:1-11
   242 | D:1      | 242 ||| READING scroll labelled NAVVUMOFOQ.
   244 | D:1      | Found a faded altar of an unknown god.
   252 | D:1      | Reached skill level 2 in Axes
   293 | D:2      | 293 ||| STAIRDANCE
   387 | D:1      | Reached XP level 2. HP: 19/19 MP: 2/2
   494 | D:1      | 494 ||| DROPPING +0 club.
   513 | D:1      | Found Fepak's Antique Armour Emporium.
   537 | D:1      | 537 ||| Stepping ~*~*~tactically~*~*~ (stealth).
   538 | D:1      | 538 ||| Stepping ~*~*~tactically~*~*~ (stealth).
   591 | D:1      | 591 ||| SHOPLISTING glowing scarf (240 gold, have 10).
   591 | D:1      | 591 ||| SHOPLISTING pair of boots (135 gold, have 10).
   591 | D:1      | 591 ||| SHOPLISTING plate armour (690 gold, have 10).
   591 | D:1      | 591 ||| SHOPLISTING shiny ring mail (210 gold, have 10).
   591 | D:1      | 591 ||| SHOPLISTING warped leather armour (210 gold, have
                  | 10).
   837 | D:1      | 837 ||| Stepping ~*~*~tactically~*~*~ (stealth).
   907 | D:1      | Reached skill level 3 in Axes
   991 | D:1      | 991 ||| Stepping ~*~*~tactically~*~*~ (stealth).
  1061 | D:1      | Reached XP level 3. HP: 20/23 MP: 3/3
  1265 | D:1      | 1265 ||| UPGRADING to ring of protection from fire.
  1266 | D:1      | 1266 ||| READING scroll labelled JOIL SEAXOYMUCH.
  1267 | D:1      | 1267 ||| READING scroll labelled POEMUA UPINACH.
  1268 | D:1      | 1268 ||| READING scroll labelled OLUEPY WIFYA.
  1269 | D:1      | 1269 ||| READING scroll labelled ZIEXTISCHAX.
  1310 | D:2      | 1310 ||| STAIRDANCE
  1720 | D:2      | 1720 ||| Stepping ~*~*~tactically~*~*~ (stealth).
  1857 | D:2      | 1857 ||| FLEEEEING.
  1871 | D:2      | 1871 ||| FLEEEEING.
  2382 | D:2      | 2382 ||| READING 2 scrolls labelled LYUHI IXUASK.
  2383 | D:2      | 2383 ||| READING scroll labelled INAPYDD UMAN.
  2384 | D:2      | 2384 ||| DRINKING 2 puce potions.
  2395 | D:3      | Found Vocut's Antique Weapon Shop.
  2398 | D:3      | 2398 ||| STAIRDANCE
  2408 | D:3      | Reached XP level 4. HP: 26/28 MP: 4/4
  2428 | D:3      | 2428 ||| SHOPLISTING runed war axe (156 gold, have 70).
  2573 | D:3      | 2573 ||| Stepping ~*~*~tactically~*~*~ (stealth).
  2580 | D:3      | Reached skill level 4 in Axes
  2807 | D:3      | 2807 ||| Stepping ~*~*~tactically~*~*~ (stealth).
  2810 | D:3      | 2810 ||| Stepping ~*~*~tactically~*~*~ (hiding).
  3509 | D:3      | 3509 ||| UPGRADING to +0 chain mail.
  3519 | D:3      | 3519 ||| DROPPING +0 scale mail.
  3520 | D:3      | 3520 ||| READING scroll labelled TANIUT VIDD.
  3569 | D:3      | 3569 ||| READING scroll labelled YKHLUCR GEIDA.
  3570 | D:3      | 3570 ||| DRINKING 2 green potions.
  3571 | D:3      | 3571 ||| READING 2 scrolls of identify.
  3571 | D:3      | 3571 ||| IDENTIFYING viscous golden potion
  3623 | D:4      | 3623 ||| STAIRDANCE
  3758 | D:4      | 3758 ||| STAIRDANCE
  3811 | D:4      | 3811 ||| STAIRDANCE
  3815 | D:3      | Reached XP level 5. HP: 16/32 MP: 5/5
  4018 | D:3      | 4018 ||| DROPPING +0 whip.
  4029 | D:4      | HP: 2/32 [gnoll/+0 flail[a gnoll bouda] (9)]
  4030 | D:4      | 4030 ||| READING scroll of teleportation.
  4030 | D:4      | Slain by a gnoll bouda

Levels and vault maps discovered:
D:1:      dpeg_arrival_water_fire, layout_basic,
          dreamdust_ecumenical_altar_grove, serial_shops,
          nicolae_shop_temple_entry_statues_fountains,
          wad_floor_pattern_untrapped, chequers_garden, corexii_hall_statues_u,
          ebering_dispersal_statue_hall, dk_noncrumbling_3, roderic_malta_cross
D:2:      layout_basic
D:3:      layout_loops_cross, serial_shops, shop_fountains,
          corexii_item_surrounded_by_moat, kennysheep_minor_cross,
          uniq_crazy_yiuf_cottage
D:4:      layout_cave_pools, uniq_ijyb

Skill      XL: |  1  2  3  4 |
---------------+-------------+-----
Axes           | 2 3 4 |  4.8
Fighting       | |  3.2
Armour         | |  3.2
Shields        | |  3.2

Action                   |  1- 3 |  4- 6 || total
-------------------------+-------+-------++-------
Melee: War axe           |   107 |    82 ||   189
  Use: Scroll            |     7 |     4 ||    11
       Potion            |     1 |     1 ||     2
Armor: Scale mail        |    54 |    34 ||    88
       Chain mail        |       |    24 ||    24
Dodge: Dodged            |    50 |    45 ||    95
Block: Buckler           |    19 |    23 ||    42

Table legend:
 A = Non-vault XP
 B = Vault XP
 C = Vault XP percentage of total XP
 D = Non-vault monster count
 E = Vault monster count
 F = Vault count percentage of total count
                 A         B        C        D         E       F
            +---------+---------+-------+---------+---------+-------
      Total |     205 |       0 |   0.0 |      59 |       0 |   0.0
            +---------+---------+-------+---------+---------+-------
        D:1 |      35 |       0 |   0.0 |      20 |       0 |   0.0
        D:2 |      39 |       0 |   0.0 |      12 |       0 |   0.0
        D:3 |     116 |       0 |   0.0 |      26 |       0 |   0.0
        D:4 |      15 |       0 |   0.0 |       1 |       0 |   0.0
            +---------+---------+-------+---------+---------+-------
